 Dungeon Crawl Stone Soup version 0.28.0-53-g5a82cb258f (webtiles) character file.

Game seed: 15472019088113543189

91 Kranky the Sneak (level 4, -2/31 HPs)
             Began as an Octopode Fighter on June 19, 2022.
             Slain by a centaur skeleton (4 damage)
             ... on level 3 of the Dungeon.
             The game lasted 00:03:38 (2755 turns).

Kranky the Sneak (Octopode Fighter)                 Turns: 2755, Time: 00:03:39

Health: -2/31      AC:  1    Str: 15    XL:     4   Next: 57%
Magic:  4/4        EV: 13    Int: 10    God:
Gold:   94         SH:  4    Dex: 13    Spells: 3/3 levels left

rFire   . . .      SeeInvis .   a - +0 long sword
rCold   . . .      Faith    .   b - +0 buckler
rNeg    . . .      Spirit   .   (helmet restricted)
rPois   .          Reflect  .   (no amulet)
rElec   .          Harm     .   i - ring of willpower
rCorr   .          Rampage  .   (no ring)
Will    +....                   (no ring)
Stlth   +++.......              (no ring)
HPRegen 0.10/turn               (no ring)
MPRegen 0.09/turn               (no ring)
                                (no ring)
                                (no ring)

@: mighty
A: almost no armour, amphibious, 8 rings, camouflage 1, gelatinous body 1,
(nimble swimmer 1), tentacles
a: no special abilities


You were on level 3 of the Dungeon.
You visited 1 branch of the dungeon, and saw 3 of its levels.

You collected 94 gold pieces.

Inventory:

Hand Weapons
 a - a +0 long sword (weapon)
Armour
 b - a +0 buckler (worn)
Jewellery
 i - a ring of willpower (left tentacle)
Scrolls
 e - a scroll of vulnerability {unknown}
 f - a scroll of identify {unknown}
 g - 2 scrolls of torment {unknown}
 k - 2 scrolls of enchant armour {unknown}
Potions
 c - a potion of might
 d - 2 potions of heal wounds {unknown}
 h - a potion of mutation {unknown}
 j - a potion of degeneration {unknown}


   Skills:
 + Level 3.3 Fighting
 - Level 2.0 Long Blades
 - Level 0.2 Bows
 - Level 0.2 Throwing
 + Level 3.4 Dodging
 + Level 4.0 Stealth
 + Level 3.3 Shields
 - Level 0.2 Necromancy
 - Level 0.1 Transmutations
 - Level 0.2 Air Magic


You had 3 spell levels left.
You didn't know any spells.
Your spell library contained the following spells:

 Spells                   Type           Power      Damage    Failure   Level
 Foxfire                  Conj/Fire      0%         2x1d4     45%         1
 Conjure Flame            Conj/Fire      0%         6-21      83%         3
 Inner Flame              Hex/Fire       0%         N/A       83%         3
 Flame Wave               Conj/Fire      0%         2d4       99%         4
 Summon Forest            Summ/Tloc      0%         N/A       100%        5
 Eringya's Noxious Bog    Tmut/Pois      0%         N/A       100%        6
 Summon Hydra             Summ           0%         N/A       100%        7


Dungeon Overview and Level Annotations

Branches:
Dungeon (3/15)

Altars:
The Shining One


Innate Abilities, Weirdness & Mutations

You cannot wear most types of armour.
You are amphibious.
You can wear up to eight rings at the same time.
Your skin changes colour to match your surroundings (Stealth+).
Your rubbery body absorbs attacks. (AC +1, EV +1)
((You are camouflaged when in or above water. (Stealth+)))
You have tentacles for arms and can constrict up to eight enemies at once.


Message History

The hobgoblin is moderately wounded.
You constrict the hobgoblin. The hobgoblin completely misses you.
The centaur skeleton barely misses you. The centaur skeleton misses you.
You hit the hobgoblin.
You kill the hobgoblin!
You block the centaur skeleton's attack. x2
An orc priest comes into view. It is wielding a +0 hand axe.
The orc closely misses you.
You slash the centaur skeleton! You squeeze the centaur skeleton!
The centaur skeleton is severely damaged.
The centaur skeleton barely misses you.
The centaur skeleton closely misses you.
The orc hits you with a +1 mace of protection.
You barely miss the adder. Your grab misses the adder.
The adder bites you but does no damage. The orc misses you.
The adder barely misses you.
An orc comes into view. It is wielding a +0 hand axe.
The orc shouts!
You hit the adder. Your grab misses the adder.
The adder is heavily wounded.
The adder bites you.
The orc hits you with a +1 mace of protection.
You hit the adder. Your grab misses the adder.
The adder is heavily wounded.
The adder barely misses you. The orc misses you. The adder closely misses you.
The orc priest hits you with a +0 hand axe.
The orc barely misses you.
You are too injured to fight recklessly!
You are too injured to fight recklessly!
The orc priest hits you with a +0 hand axe.
The adder bites you.
The orc priest invokes the aid of Beogh against you.
Beogh smites you!
* * * LOW HITPOINT WARNING * * *
You feel very mighty all of a sudden. The adder bites you but does no damage.
The orc completely misses you.
You hit the adder.
You kill the adder!
The centaur skeleton hits you.
You die...

##.#.###.....#.....#.
...................... ..
...................#. #.
##.#.###....#....... .o
......##....#....#.# .# # .
#.....##....#....#.##.#.#..
...............?...........
...##.##.#......oo.o.......
#..##...........@Z..(......
...##########.##.####.#.##.
#..# #.##†.# # #..#
#....... ...# #####..#..
...# #.# ... ..## .# .. ..#
.# . ..# .#


You could see an orc priest, 2 orcs and a centaur skeleton.

Vanquished Creatures
  5 adders
  3 worms (D:2)
  A dart slug (D:2)
  4 bats
  7 endoplasms
  2 giant cockroaches
  2 goblins (D:1)
  5 hobgoblins
  A quokka (D:1)
  4 ball pythons
  3 frilled lizards
  5 kobolds
  3 rats
45 creatures vanquished.

Notes
Turn   | Place    | Note
-------+----------+-------------------------------------------
     0 | D:1      | Kranky the Octopode Fighter began the quest for the Orb.
     0 | D:1      | Reached XP level 1. HP: 16/16 MP: 1/1
    49 | D:1      | Reached skill level 1 in Stealth
    72 | D:1      | Reached skill level 2 in Stealth
   254 | D:1      | Noticed a shining eye
   257 | D:1      | Found a faded altar of an unknown god.
   259 | D:1      | Noticed an eye of devastation
   259 | D:1      | Noticed a floating eye
   259 | D:1      | Noticed a floating eye
   264 | D:1      | Reached XP level 2. HP: 21/21 MP: 2/2
   661 | D:1      | Reached skill level 3 in Stealth
   991 | D:2      | Reached XP level 3. HP: 26/26 MP: 3/3
  1363 | D:2      | Reached XP level 4. HP: 20/31 MP: 4/4
  2408 | D:3      | Reached skill level 4 in Stealth
  2445 | D:3      | Found a glowing golden altar of the Shining One.
  2753 | D:3      | HP: 1/31 [orc priest/divine providence (9)]
  2755 | D:3      | Slain by a centaur skeleton

Illustrated notes

Levels and vault maps discovered:
D:1:      shiori_shiawase, layout_basic, hellmonk_ecumenical_altar_watching_god,
          chequers_hall_statues_corner_a
D:2:      layout_basic, minmay_pentomino_o4
D:3:      minmay_chambers_of_twos, layout_basic, nicolae_tso_swordbearing_angel,
          kennysheep_generic_room_15

Skill      XL: |  1  2  3  4 |
---------------+-------------+-----
Stealth        | 2 3 4 |  4.0
Fighting       | |  3.3
Long Blades    | |  2.0
Bows           | |  0.2
Throwing       | |  0.2
Dodging        | |  3.4
Shields        | |  3.3
Necromancy     | |  0.2
Transmutations | |  0.1
Air Magic      | |  0.2

Action                   |  1- 3 |  4- 6 || total
-------------------------+-------+-------++-------
Melee: Long sword        |    62 |    35 ||    97
       Constrict         |    13 |     6 ||    19
       Tentacles         |     9 |     7 ||    16
       Punch             |       |     1 ||     1
  Use: Potion            |       |     1 ||     1
 Stab: Sleeping          |    12 |     6 ||    18
Armor: Skin              |     4 |     2 ||     6
Dodge: Dodged            |    32 |    22 ||    54
Block: Buckler           |     9 |     8 ||    17
